 Dungeon Crawl Stone Soup version 0.24.0-125-gc4c63601f3 (webtiles) character file.

Game seed: 816456471624204741, levelgen mode: deterministic

14539 Frank2 the Basher (level 11, -7/84 HPs)
             Began as a Demonspawn Gladiator on Mar 21, 2020.
             Was an Elder of Makhleb.
             Mangled by an ice devil (8 damage)
             ... in an ice cave.
             The game lasted 00:18:22 (10581 turns).

Frank2 the Basher (Demonspawn Gladiator)           Turns: 10581, Time: 00:18:23

Health: -7/84      AC: 27    Str: 19    XL:     11   Next: 90%
Magic:  0/16       EV:  9    Int: 10    God:    Makhleb [****..]
Gold:   715        SH:  4    Dex: 18    Spells: 10/10 levels left

rFire    . . .     SeeInvis .   a - +6 eveningstar
rCold    + . .     Gourm    .   (no shield)
rNeg     . . .     Faith    .   A - +10 plate armour "Nurghaot" {MR++ Stlth-}
rPois    .         Spirit   +   c - +0 helmet
rElec    .         Reflect  .   b - +0 cloak {+Inv}
rCorr    .         Harm     +   (gloves unavailable)
MR       +++..     Rnd*Tele +   h - +0 pair of boots
Stlth    ..........             K - amulet of harm
HPRegen  0.24/turn              t - ring of protection from magic
MPRegen  0.30/turn              n - ring of Ninetiz {*Tele Str+5 Slay+3}

@: no status effects
A: claws 3, large bone plates 1, cold resistance 1, spiny 2, magic shield, magic
regeneration
a: Minor Destruction, Lesser Servant of Makhleb, Major Destruction, Renounce
Religion, Evoke Invisibility


You were in an ice cave.
You worshipped Makhleb.
Makhleb was greatly pleased with you.
You were very hungry.

You visited 2 branches of the dungeon, and saw 12 of its levels.
You also visited: Ice Cave.

You collected 715 gold pieces.

Inventory:

Hand Weapons
 a - a +6 eveningstar (weapon)
 l - a +2 demon whip of venom
Missiles
 F - 2 throwing nets (quivered)
Armour
 b - a +0 cloak of invisibility (worn)
 c - a +0 helmet (worn)
 h - a +0 pair of boots (worn)
 A - the +10 plate armour "Nurghaot" (worn) {MR++ Stlth-}
   (You found it on level 1 of the Lair of Beasts)

   It affects your resistance to hostile enchantments.
   It makes you less stealthy.
Jewellery
 d - an uncursed ring of resist corrosion
 n - the ring of Ninetiz (right claw) {*Tele Str+5 Slay+3}
   (You found it on level 5 of the Dungeon)

   [ring of teleportation]

   It may teleport you next to monsters.
   It affects your strength (+5).
   It affects your accuracy and damage with ranged weapons and melee attacks
   (+3).
 t - a ring of protection from magic (left claw)
 C - an uncursed ring of fire
 K - an amulet of harm (around neck)
Wands
 q - a wand of digging (4)
 v - a wand of iceblast (22)
 y - a wand of flame (22)
Scrolls
 i - a scroll of magic mapping
 k - 8 scrolls of remove curse
 B - a scroll of blinking
 I - a scroll of fear
 J - 4 scrolls of teleportation
Potions
 e - 8 potions of curing
 g - a potion of heal wounds
 j - a potion of haste
 m - a potion of agility
 o - a potion of invisibility
 p - 2 potions of flight
 r - a potion of berserk rage
 u - a potion of resistance
 w - 2 potions of ambrosia
 x - a potion of lignification {unknown}
 z - 3 potions of cancellation {unknown}
Comestibles
 f - 29 rations


   Skills:
 + Level 7.3 Fighting
 * Level 12.0 Maces & Flails
 - Level 1.7 Throwing
 + Level 8.3 Armour
 + Level 4.9 Dodging
 * Level 6.6 Invocations
 * Level 5.3 Evocations


You had 10 spell levels left.
You didn't know any spells.
Your spell library contained the following spells:

 Spells                   Type           Power        Failure   Level  Hunger
 Animate Skeleton         Necr           N/A          100%        1    ##.....
 Apportation              Tloc           #.....       100%        1    ##.....
 Confusing Touch          Hex            #.....       100%        1    ##.....
 Corona                   Hex            #......      100%        1    ##.....
 Flame Tongue             Conj/Fire      #....        100%        1    ##.....
 Summon Small Mammal      Summ           #...         100%        1    ##.....
 Ensorcelled Hibernation  Hex/Ice        #.....       100%        2    ###....
 Throw Flame              Conj/Fire      #.....       100%        2    ###....
 Confuse                  Hex            #.......     100%        3    ####...
 Conjure Flame            Conj/Fire      #.......     100%        3    ####...
 Dazzling Spray           Conj/Hex       #.....       100%        3    ####...
 Inner Flame              Hex/Fire       #.......     100%        3    ####...
 Tukima's Dance           Hex            #.......     100%        3    ####...
 Sticky Flame             Conj/Fire      #.......     100%        4    #####..
 Bolt of Magma            Conj/Fire/Erth #.........   100%        5    ######.
 Fireball                 Conj/Fire      #.........   100%        5    ######.
 Iskenderun's Battlesphe  Conj/Chrm      #.......     100%        5    ######.
 Venom Bolt               Conj/Pois      #.........   100%        5    ######.
 Iron Shot                Conj/Erth      #.........   100%        6    #######
 Orb of Destruction       Conj           #.........   100%        7    #######
 Spellforged Servitor     Conj/Summ      #.........   100%        7    #######


Dungeon Overview and Level Annotations

Branches:
Dungeon (10/15)            Temple (0/1) D:7            Lair (2/6) D:10
  IceCv (1/1)
  Swamp: Lair:2-4    Shoals: Lair:2-4     Snake: Lair:2-4    Spider: Lair:2-4
    Orc: D:9-12

Altars:
Dithmenos
Elyvilon
Gozag
Kikubaaqudgha
Makhleb
Ru
Trog
Uskayaw
Vehumet
Wu Jian
Xom

Shops:
D:9 (


Innate Abilities, Weirdness & Mutations

You have claws for hands.
You are partially covered in large bone plates. (SH +4)
Your flesh is cold resistant. (rC+)
You are mostly covered in sharp spines.
When hurt, damage is shared between your health and your magic reserves.
You regenerate magic rapidly.


Message History

The ice devil hits you but does no damage.
The ice devil is struck by your spines.
The ice devil hits you but does no damage.
You closely miss the ice devil.
The ice devil is severely wounded.
The ice devil hits you.
* * * LOW HITPOINT WARNING * * *
The ice devil freezes you! You resist.
* * * LOW HITPOINT WARNING * * *
The ice devil is struck by your spines.
The ice devil hits you but does no damage. x2
You hit the ice devil but do no damage.
The ice devil is severely wounded.
The ice devil hits you but does no damage.
The ice devil is struck by your spines. The ice devil hits you!
* * * LOW HITPOINT WARNING * * *
The ice devil freezes you. You resist.
* * * LOW HITPOINT WARNING * * *
The ice devil hits you!
You die...

#####...# #
##........ #.
##.........
...#..........
.............. .
#............
#.§§######
###..........
#.§§.§..####
###.#....#.
#..§§...44@4#
####..###
.....☼..##4...#
#..##
..§####○§##.....#
##§☼## .. ○☼§
.#....# ##☼.# .
§°☼§§ ##....#
##≈§§# §§§§# ...#
##§§☼## §§#.○§
.## #...## ##
#...## ##...#


You could see 4 ice devils.

Vanquished Creatures
  Urug (Lair:1)
  An ugly thing (D:8)
  Joseph (D:7)
  A black mamba (Lair:1)
  2 ice statues (IceCv)
  Psyche (D:8)
  4 ice devils
  A troll (D:10)
  Prince Ribbit (D:5)
  4 polar bears (Lair:2)
  3 hippogriffs
  4 hogs (D:8)
  A human (D:8)
  10 yaks
  A basilisk (Lair:1)
  A hungry ghost (D:7)
  Menkaure (D:6)
  5 water moccasins
  5 porcupines
  A black bear (D:7)
  An ice beast (D:8)
  2 orc warriors
  2 sky beasts
  3 phantoms
  5 ogres
  19 wolves
  5 crocodiles
  3 big kobolds
  7 bullfrogs
  2 scorpions
  A water moccasin skeleton (D:9)
  An electric eel (D:10)
  2 crimson imps
  A bullfrog zombie (D:10)
  A quasit (D:8)
  12 hounds
  An orc priest (D:5)
  4 bullfrog skeletons
  4 jellies
  Crazy Yiuf (D:2)
  Terence (D:2)
  9 orc wizards
  An iguana (D:9)
  4 worker ants
  A killer bee zombie (D:9)
  A hound zombie (D:8)
  A hound skeleton (D:4)
  A howler monkey zombie (D:6)
  7 gnolls
  15 adders
  5 shadow imps
  7 white imps (IceCv)
  6 ufetubi (IceCv)
  An ooze (D:5)
  6 worms
  A dart slug (D:1)
  8 leopard geckos
  27 orcs
  2 ball pythons
  6 giant cockroaches
  5 goblins
  8 hobgoblins
  3 jackals (D:3)
  14 kobolds
  5 quokkas
  7 bats
  3 frilled lizards
  A jackal zombie (D:5)
  2 leopard gecko skeletons
  4 rats
288 creatures vanquished.

Vanquished Creatures (others)
  3 white imps (IceCv)
  An ufetubus (IceCv)
  An ooze (D:3)
  A plant (Lair:1)
  4 toadstools (D:10)
10 creatures vanquished.

Grand Total: 298 creatures vanquished

Notes
Turn   | Place    | Note
-------+----------+-------------------------------------------
     0 | D:1      | Frank2 the Demonspawn Gladiator began the quest for the
                  | Orb.
     0 | D:1      | Reached XP level 1. HP: 16/16 MP: 1/1
   100 | D:1      | Gained mutation: You are partially covered in large bone
                  | plates. (SH +4) [demonic ancestry]
   100 | D:1      | Reached XP level 2. HP: 18/22 MP: 2/2
   263 | D:1      | Reached skill level 3 in Maces & Flails
   636 | D:2      | Noticed Terence
   660 | D:2      | Killed Terence
   660 | D:2      | Gained mutation: When hurt, damage is shared between your
                  | health and your magic reserves. [demonic ancestry]
   660 | D:2      | Reached XP level 3. HP: 24/27 MP: 3/3
   762 | D:2      | Gained mutation: You are partially covered in sharp spines.
                  | [demonic ancestry]
   762 | D:2      | Reached XP level 4. HP: 23/33 MP: 2/4
  1104 | D:2      | Reached skill level 4 in Maces & Flails
  1108 | D:2      | Found a white marble altar of Elyvilon.
  1376 | D:2      | Found a runed translucent door.
  1397 | D:2      | Noticed Crazy Yiuf
  1608 | D:2      | Killed Crazy Yiuf
  1608 | D:2      | Reached skill level 1 in Armour
  1608 | D:2      | Gained mutation: You have sharp fingernails. [demonic
                  | ancestry]
  1608 | D:2      | Reached XP level 5. HP: 39/39 MP: 5/5
  2190 | D:3      | Found a bloodstained altar of Trog.
  2333 | D:3      | Found an opulent altar of Gozag.
  2333 | D:3      | Found a radiant altar of Vehumet.
  2433 | D:4      | Noticed an orc warrior
  2788 | D:4      | Reached skill level 5 in Maces & Flails
  2788 | D:4      | Gained mutation: You are mostly covered in sharp spines.
                  | [demonic ancestry]
  2788 | D:4      | Reached XP level 6. HP: 43/46 MP: 4/6
  2977 | D:4      | Killed an orc warrior
  3512 | D:5      | Entered Level 5 of the Dungeon
  3572 | D:5      | Gained mutation: You have very sharp fingernails. [demonic
                  | ancestry]
  3572 | D:5      | Reached XP level 7. HP: 52/52 MP: 7/7
  3703 | D:5      | Noticed Prince Ribbit
  3705 | D:5      | Reached skill level 6 in Maces & Flails
  4096 | D:5      | Got a heavily runed lead ring
  4238 | D:5      | Killed Prince Ribbit
  4249 | D:5      | Reached XP level 8. HP: 57/60 MP: 8/8
  4265 | D:5      | Found a shimmering altar of Xom.
  4266 | D:5      | Found a burning altar of Makhleb.
  4268 | D:5      | Found a sacrificial altar of Ru.
  4297 | D:5      | Found a hide-covered altar of Uskayaw.
  4298 | D:5      | Found a bloodstained altar of Trog.
  4298 | D:5      | Found a shadowy altar of Dithmenos.
  4299 | D:5      | Found an ancient bone altar of Kikubaaqudgha.
  4301 | D:5      | Found an ornate altar of the Wu Jian Council.
  4314 | D:5      | Became a worshipper of Makhleb the Destroyer
  4506 | D:6      | Noticed Menkaure
  4523 | D:6      | HP: 2/60 [Menkaure (10)]
  4528 | D:6      | Killed Menkaure
  4528 | D:6      | Reached skill level 7 in Maces & Flails
  5704 | D:7      | Reached skill level 8 in Maces & Flails
  5720 | D:7      | Noticed Joseph
  5747 | D:7      | Killed Joseph
  5747 | D:7      | Reached skill level 5 in Fighting
  5747 | D:7      | Reached skill level 5 in Armour
  5747 | D:7      | Gained mutation: You have claws for hands. [demonic
                  | ancestry]
  5747 | D:7      | Reached XP level 9. HP: 36/68 MP: 9/9
  6184 | D:7      | Found a staircase to the Ecumenical Temple.
  6487 | D:8      | Noticed Psyche
  6501 | D:8      | Killed Psyche
  6507 | D:8      | Identified the ring of Ninetiz {*Tele Str+5 Slay+3} (You
                  | found it on level 5 of the Dungeon)
  6734 | D:8      | Reached skill level 9 in Maces & Flails
  6745 | D:8      | Noticed a red ugly thing
  6758 | D:8      | Killed a red ugly thing
  6977 | D:8      | Reached skill level 1 in Invocations
  6977 | D:8      | Reached skill level 1 in Evocations
  6985 | D:8      | Reached * piety under Makhleb
  6994 | D:8      | Gained mutation: You regenerate magic rapidly. [demonic
                  | ancestry]
  6994 | D:8      | Reached XP level 10. HP: 39/76 MP: 8/11
  7716 | D:9      | Reached skill level 10 in Maces & Flails
  8101 | D:9      | Reached ** piety under Makhleb
  8289 | D:9      | Found Biunac's Weapon Emporium.
  8655 | D:10     | Entered Level 10 of the Dungeon
  8903 | D:10     | Found a staircase to the Lair.
  8906 | Lair:1   | Entered Level 1 of the Lair of Beasts
  8911 | Lair:1   | Reached skill level 5 in Invocations
  9015 | Lair:1   | Gained mutation: Your flesh is cold resistant. (rC+)
                  | [demonic ancestry]
  9015 | Lair:1   | Reached XP level 11. HP: 74/83 MP: 14/14
  9068 | Lair:1   | Reached *** piety under Makhleb
  9131 | Lair:1   | Reached skill level 11 in Maces & Flails
  9449 | Lair:1   | Got an agate-encrusted plate armour
  9471 | Lair:1   | Identified the +10 plate armour "Nurghaot" {MR++ Stlth-}
                  | (You found it on level 1 of the Lair of Beasts)
  9562 | Lair:1   | Noticed Urug
  9578 | Lair:1   | Killed Urug
 10008 | Lair:2   | Reached skill level 5 in Evocations
 10380 | Lair:2   | Found a frozen archway.
 10403 | IceCv    | Entered an ice cave
 10424 | IceCv    | Reached **** piety under Makhleb
 10564 | IceCv    | Reached skill level 12 in Maces & Flails
 10581 | IceCv    | HP: 3/84 [ice devil (6)]
 10581 | IceCv    | HP: 1/84 [ice devil (2)]
 10581 | IceCv    | Mangled by an ice devil

Levels and vault maps discovered:
D:1:      ncdulo_halloftheorcs, layout_loops_ring
D:2:      layout_loops_ring, marbit_many_paths, first_ration,
          minmay_stone_trees_medium, uniq_crazy_yiuf_cottage, uniq_terence
D:3:      layout_loops_ring, gammafunk_temple_overflow_statue, trog_book
D:4:      layout_loops_ring, gup_sewer_entry_spiral
D:5:      layout_loops_ring, minitemple, uniq_prince_ribbit1
D:6:      layout_basic, uniq_menkaure
D:7:      layout_loops_cross, temple_hall, uniq_joseph
D:8:      layout_basic, grunt_livestock, chequers_jeans, uniq_psyche
D:9:      layout_irregular_city, serial_shops, shop, kennysheep_generic_room_5
D:10:     layout_loops_ring, erik_lair_island, david_orc_2,
          gammafunk_ghost_grave, chequers_mini_garden, minmay_gold_behind_fungi
Lair:1:   beast_lair_carwin_large_1, layout_regular_city, grunt_megastairs_5,
          lemuel_fruit_tree, uniq_urug
Lair:2:   layout_loops_ring, portal_ice_cave_demonic_guard,
          cheibrodos_lair_lostbears
IceCv:    ice_cave_small_demon

Skill      XL: |  1  2  3  4  5  6  7  8  9 10 11 |
---------------+----------------------------------+-----
Dodging        | 3 4 |  4.9
Maces & Flails | 3 4 5 6 8 9 10 12 | 12.0
Armour         | 1 2 3 5 6 7 8 |  8.3
Fighting       | 3 5 6 7 |  7.3
Invocations    | 1 5 6 |  6.6
Evocations     | 1 3 5 |  5.3
Throwing       | |  1.7

Action                   |  1- 3 |  4- 6 |  7- 9 | 10-12 || total
-------------------------+-------+-------+-------+-------++-------
Melee: Flail             |    96 |   158 |   264 |   189 ||   707
       Demon whip        |       |       |       |   133 ||   133
       Eveningstar       |       |       |       |   103 ||   103
Throw: Throwing net      |       |     4 |     2 |       ||     6
Evoke: Wand              |       |       |       |     2 ||     2
  Use: Scroll            |       |    14 |     2 |     8 ||    24
       Potion            |       |     1 |     2 |     2 ||     5
 Stab: Held in net/web   |       |     2 |     4 |       ||     6
  Eat: Chunk             |       |     8 |    12 |     8 ||    28
       Ration            |       |       |     1 |     1 ||     2
Armor: Leather armour    |     8 |       |       |       ||     8
       Ring mail         |    27 |    49 |     9 |       ||    85
       Chain mail        |       |       |    93 |    37 ||   130
       Plate armour      |       |       |       |   198 ||   198
Dodge: Dodged            |    67 |    80 |    95 |   146 ||   388
Block: Other             |    13 |    20 |    30 |    83 ||   146
